 Dungeon Crawl Stone Soup version 0.27.1-2-g3b301248ec (webtiles) character file.

Game seed: 16783382596572673626

889 nxtlvl the Cleaver (level 7, -6/60 HPs)
             Began as a Yellow Draconian Berserker on Sept 29, 2021.
             Was a Priest of Trog.
             Shot with a sling bullet by Joseph (15 damage)
             ... on level 8 of the Dungeon.
             The game lasted 00:12:47 (1311 turns).

nxtlvl the Cleaver (Yellow Draconian Berserker)     Turns: 1311, Time: 00:12:48

Health: -6/60      AC:  6    Str: 20    XL:     7   Next: 77%
Magic:  7/7        EV: 13    Int:  7    God:    Trog [***...]
Gold:   126        SH:  0    Dex: 12    Spells: 6/6 levels left

rFire    . . .     SeeInvis .   a - +0 war axe
rCold    . . .     Faith    .   (no shield)
rNeg     . . .     Spirit   .   (armour unavailable)
rPois    .         Reflect  .   (helmet restricted)
rElec    .         Harm     .   (no cloak)
rCorr    +         Rampage  .   (no gloves)
Will     .....                  (no boots)
Stlth    +.........             (no amulet)
HPRegen  0.20/turn              (no ring)
MPRegen  0.10/turn              (no ring)

@: short of breath, on berserk cooldown, slowed, very slow
A: spit acid, AC +6, unfitting armour, cold-blooded, acid resistance
a: Breathe Acid, Renounce Religion, Berserk, Trog's Hand


You were on level 8 of the Dungeon.
You worshipped Trog.
Trog was most pleased with you.
You visited 1 branch of the dungeon, and saw 8 of its levels.

You collected 126 gold pieces.

Inventory:

Hand Weapons
 a - a +0 war axe (weapon)
 m - a +0 hunting sling
 v - a +1 bardiche of venom
Missiles
 c - 28 arrows
 h - 2 poisoned darts (quivered)
 t - 22 sling bullets
Jewellery
 s - a ring of fire
Wands
 j - a wand of digging (1)
 q - a wand of iceblast (10)
 r - a wand of flame (4)
Scrolls
 d - a scroll of enchant weapon {unknown}
 e - 2 scrolls of identify
 f - 2 scrolls of blinking
 k - a scroll of teleportation {unknown}
 w - a scroll of vulnerability {unknown}
 x - a scroll of amnesia {unknown}
Potions
 b - a potion of ambrosia {unknown}
 g - 2 potions of lignification {unknown}
 i - a potion of attraction {unknown}
 l - a potion of might {unknown}
 n - a potion of flight {unknown}
 o - a potion of heal wounds {unknown}
 p - a potion of berserk rage {unknown}
 u - a potion of curing {unknown}


   Skills:
 + Level 4.5 Fighting
 * Level 8.4 Axes
 + Level 3.7 Dodging


You had 6 spell levels left.
You didn't know any spells.
Your spell library contained the following spells:

 Spells                   Type           Power      Damage    Failure   Level
 Magic Dart               Conj           0%         1d3       43%         1
 Call Imp                 Summ           0%         N/A       56%         2
 Mephitic Cloud           Conj/Pois/Air  0%         N/A       80%         3


Dungeon Overview and Level Annotations

Branches:
Dungeon (8/15)
 Temple: D:4-7         Lair: D:8-11

Altars:
Cheibriados
Wu Jian
Yredelemnul

Annotations:
D:8 Joseph


Innate Abilities, Weirdness & Mutations

You can spit globs of acid.
Your golden yellow scales are hard. (AC +6)
You cannot fit into any form of body armour.
You are cold-blooded and may be slowed by cold attacks.
You are resistant to acid. (rCorr)


Message History

Trog accepts your kill.
The orc hits you from afar with a +0 trident.
You have got your breath back.
The orc barely misses you. The orc misses you.
An orc priest comes into view. It is wielding a +5 whip.
The orc priest shouts!
You hear a shout!
The orc closely misses you.
You slash the orc!
You kill the orc!
Trog accepts your kill.
You slash the orc priest!
The orc priest is heavily wounded.
The orc priest closely misses you. x2
You hit the orc priest but do no damage.
The orc priest is heavily wounded.
The orc priest misses you. The orc priest barely misses you.
You hit the orc priest but do no damage.
The orc priest is heavily wounded.
The orc priest hits you with a +5 whip.
You barely miss the orc priest.
The orc priest is heavily wounded.
The orc priest looks satisfied for a moment.
The orc priest hits you with a +5 whip.
* * * LOW HITPOINT WARNING * * *
Press: ? - help, Shift-Dir - straight line, f - orc priest
Aim: an orc priest, wielding a +5 whip and wearing a +0 scale mail (heavily wounded)
You spit a glob of acid.
The glob of acid hits the orc priest!
The orc priest is splashed with acid.
The acid corrodes the orc priest!
You kill the orc priest!
Trog accepts your kill.
Joseph, a Mercenary comes into view.
He is wielding a +0 quarterstaff and carrying a wand of iceblast (5).
Joseph unwields a +0 quarterstaff.
Joseph wields a +0 hunting sling.
Joseph shoots a sling bullet.
The sling bullet hits you.
* * * LOW HITPOINT WARNING * * *
As you read the scroll labelled RYSAHU WUGU, it crumbles to dust.
It is a scroll of identify.
f - 2 scrolls of blinking Joseph shoots a sling bullet.
The sling bullet hits you!
You die...

.........#.. ...@.......
########.........
.......#.......#
≈≈≈≈≈≈.#.......##
≈≈≈≈≈≈.)).......#.
≈≈≈≈≈≈.#.............
≈≈≈≈o≈.###)...........
.oo.... #@.#.##.....#
##########.....#.....#
##..##...........#
##.###.................
#......................
#........#..............
##......###..>#.........
##..#### #...#.##.....#
### ##..#.##....#


You could see Joseph.

Vanquished Creatures
  Sigmund (D:5)
  A water moccasin (D:5)
  An orc warrior (D:8)
  A bullfrog (D:8)
  A scorpion (D:6)
  A water moccasin zombie (D:3)
  2 orc priests
  Ijyb (D:3)
  A hound (D:3)
  A jelly (D:6)
  An orc wizard (D:5)
  Robin (D:3)
  4 gnolls (D:3)
  4 adders
  A white imp (D:8)
  2 worms
  4 orcs
  3 ball pythons
  6 bats
  5 endoplasms
  2 giant cockroaches
  15 goblins
  3 hobgoblins
  2 jackals (D:3)
  7 kobolds
  4 quokkas
  6 frilled lizards
  3 rats
84 creatures vanquished.

Notes
Turn   | Place    | Note
-------+----------+-------------------------------------------
     0 | D:1      | nxtlvl the Draconian Berserker began the quest for the Orb.
     0 | D:1      | Reached XP level 1. HP: 19/19 MP: 1/1
    49 | D:2      | Reached XP level 2. HP: 26/26 MP: 2/2
    93 | D:1      | Reached skill level 4 in Axes
   183 | D:1      | Reached XP level 3. HP: 31/31 MP: 3/3
   200 | D:1      | You fall into a shaft and drop 1 floor!
   213 | D:2      | Reached ** piety under Trog
   399 | D:3      | Reached XP level 4. HP: 31/38 MP: 4/4
   443 | D:3      | Reached skill level 5 in Axes
   451 | D:3      | Noticed Ijyb
   456 | D:3      | Found a basalt altar of Yredelemnul.
   464 | D:3      | Killed Ijyb
   529 | D:3      | Reached XP level 5. HP: 31/45 MP: 5/5
   556 | D:3      | Found a snail-covered altar of Cheibriados.
   766 | D:3      | Reached skill level 6 in Axes
   800 | D:3      | Reached *** piety under Trog
   802 | D:3      | Noticed Robin
   807 | D:3      | Killed Robin
   871 | D:4      | Found an ornate altar of the Wu Jian Council.
   938 | D:5      | Entered Level 5 of the Dungeon
   938 | D:5      | Noticed a water moccasin
   943 | D:5      | Killed a water moccasin
   944 | D:5      | Reached skill level 7 in Axes
   944 | D:5      | Reached XP level 6. HP: 51/51 MP: 6/6
  1051 | D:5      | Noticed Sigmund
  1066 | D:5      | Killed Sigmund
  1067 | D:5      | Your scales start taking on a golden yellow colour.
  1067 | D:5      | Reached XP level 7. HP: 58/58 MP: 7/7
  1067 | D:5      | Gained mutation: You are resistant to acid. (rCorr) [Yellow
                  | Draconian growth]
  1144 | D:6      | Reached skill level 8 in Axes
  1310 | D:8      | Noticed Joseph
  1311 | D:8      | Shot with a sling bullet by Joseph

Illustrated notes

Levels and vault maps discovered:
D:1:      wander_arrival_peaceful_grave, layout_basic, minivault_14,
          minmay_pentomino_w2
D:2:      layout_rooms, minmay_lizard_pond
D:3:      layout_basic, fedhas_altar_1, mainiacjoe_overflow_catwalk,
          cheibriados_altar_1, basic_ecumenical_altar, uniq_robin, uniq_ijyb
D:4:      layout_rooms, pdpol_wu_jian_five_deadly_venoms, lemuel_tele_altar,
          minmay_misc_feat_pillars
D:5:      layout_loops_cross, grunt_temple_overflow_gold_and_silver,
          amcnicky_altar_gilded, uniq_crazy_yiuf_cottage, uniq_sigmund,
          uniq_blork_the_orc
D:6:      layout_gridville, eat_drink_and_be_merry_uskayaw, lemuel_doored_altar,
          minmay_temple_entry_enclosed_plants, ebering_ghost_rock_garden
D:7:      layout_loops_ring, uniq_harold
D:8:      layout_cave_pools, nicolae_tso_carved_into_rock, kennysheep_mini_moat,
          mainiacjoe_overflow_alcove_1, serial_shops, nicolae_diamond_shop,
          nrook_pool_corridor, nrook_uturn, uniq_joseph, uniq_pikel

Skill      XL: |  1  2  3  4  5  6  7 |
---------------+----------------------+-----
Axes           | 4 5 7 8 |  8.4
Dodging        | 3 |  3.7
Fighting       | 4 |  4.5

Action                   |  1- 3 |  4- 6 |  7- 9 || total
-------------------------+-------+-------+-------++-------
Melee: Hand axe          |    25 |       |       ||    25
       War axe           |    42 |   104 |    33 ||   179
       Tailslap          |     5 |    11 |     4 ||    20
Invok: Berserk           |     4 |     6 |     2 ||    12
       Trog's Hand       |       |     1 |       ||     1
 Abil: Breathe Acid      |       |       |     5 ||     5
  Use: Scroll            |       |       |     1 ||     1
Armor: Skin              |    25 |    22 |     3 ||    50
Dodge: Dodged            |    29 |    48 |    27 ||   104
